 Dungeon Crawl Stone Soup version 0.26-a0-854-gdc81c2f471 (webtiles) character file.

Game seed: 9388298800342024271

346 pablito the Shield-Bearer (level 6, -1/56 HPs)
             Began as a Minotaur Fighter on Nov 22, 2020.
             Was an Initiate of the Shining One.
             Killed by divine providence
             ... invoked by an orc priest
              (9 damage)
             ... on level 4 of the Dungeon.
             The game lasted 00:07:38 (3044 turns).

pablito the Shield-Bearer (Minotaur Fighter)        Turns: 3044, Time: 00:07:38

Health: -1/56      AC:  7    Str: 22      XL:     6   Next: 32%
Magic:  5/5        EV:  7    Int:  3 (5)  God:    the Shining One [......]
Gold:   148        SH: 10    Dex: 10      Spells: 5/5 levels left

rFire    . . .     SeeInvis .   a - +0 war axe
rCold    . . .     Faith    .   c - +0 kite shield
rNeg     . . .     Spirit   .   b - +0 scale mail
rPois    .         Reflect  .   (helmet restricted)
rElec    .         Harm     .   (no cloak)
rCorr    .         Rampage  .   (no gloves)
MR       .....                  (no boots)
Stlth    ..........             (no amulet)
HPRegen  0.18/turn              (no ring)
MPRegen  0.09/turn              (no ring)

@: glowing
A: retaliatory headbutt, horns 2
a: Renounce Religion


You were on level 4 of the Dungeon.
You worshipped the Shining One.
The Shining One was noncommittal.
You visited 1 branch of the dungeon, and saw 4 of its levels.
You also visited: Sewer.

You collected 148 gold pieces.

Inventory:

Hand Weapons
 a - a +0 war axe (weapon)
Missiles
 k - 15 poisoned darts (quivered)
Armour
 b - a +0 scale mail (worn)
 c - a +0 kite shield (worn)
 h - a +0 pair of boots
Scrolls
 e - 6 scrolls of teleportation
 g - a scroll of remove curse
 i - a scroll of enchant weapon {unknown}
 l - a scroll of fog {unknown}
 m - a scroll of blinking {unknown}
 o - 3 scrolls of identify
 q - a scroll of enchant armour {unknown}
Potions
 d - a potion of might
 f - a potion of curing
 j - a potion of ambrosia
 n - 2 potions of attraction
 p - a potion of flight
 r - a potion of heal wounds {unknown}


   Skills:
 + Level 5.3 Fighting
 + Level 4.4 Axes
 + Level 5.3 Armour
 + Level 5.3 Shields


You had 5 spell levels left.
You didn't know any spells.
Your spell library was empty.

Dungeon Overview and Level Annotations

Branches:
Dungeon (4/15)              Sewer (visited)
 Temple: D:4-7

Altars:
The Shining One


Innate Abilities, Weirdness & Mutations

You reflexively headbutt those who attack you in melee.
You have a pair of horns on your head.


Message History

Your experience leads to an increase in your attributes!
Your base attributes are Str 21, Int 5, Dex 10.
Increase (s)trength, (i)ntelligence, or (d)exterity?
You feel stronger.
You slash the orc!
You kill the orc!
The orc priest mumbles some strange prayers to Beogh against you.
Beogh smites you!
* * * LOW HITPOINT WARNING * * *
Items here: )) ? [.
You slash the orc priest! Your headbutt misses the orc priest.
The orc priest is heavily wounded.
The orc priest barely misses you.
The orc priest hits you with a +0 dagger.
* * * LOW HITPOINT WARNING * * *
You hit the orc priest. Your headbutt misses the orc priest.
The orc priest is almost dead.
The orc priest calls down the wrath of Beogh upon you.
Beogh smites you!
You die...

............o....#
######.###.######
#.# #.# #.# #.#
#####.# #.#
#.....# #o#
#.....# #o#
#.....# #o#
#.....# #@#
#####.# #.# # #.#
#.# .# #.#
#.##.### #.#
#....... #.#
........
#.####......
#........#
##...###.#


You could see an orc priest and 2 orcs.

Vanquished Creatures
  An orc warrior (D:4)
  A howler monkey (D:4)
  3 gnolls (D:3)
  3 adders
  A river rat (D:3)
  5 oozes
  6 worms
  4 dart slugs
  6 leopard geckos
  4 orcs
  14 bats
  3 giant cockroaches
  9 goblins
  7 hobgoblins
  4 jackals (Sewer)
  8 kobolds
  2 ball pythons
  7 frilled lizards
  9 rats
97 creatures vanquished.

Notes
Turn   | Place    | Note
-------+----------+-------------------------------------------
     0 | D:1      | pablito the Minotaur Fighter began the quest for the Orb.
     0 | D:1      | Reached XP level 1. HP: 19/19 MP: 0/0
    70 | D:1      | Reached XP level 2. HP: 27/27 MP: 1/1
   509 | D:2      | Reached XP level 3. HP: 33/33 MP: 2/2
   881 | D:2      | Reached XP level 4. HP: 40/41 MP: 3/3
  1302 | D:3      | Found a glowing golden altar of the Shining One.
  1323 | D:3      | Became a worshipper of the Shining One
  1398 | D:3      | Found a glowing drain.
  1403 | Sewer    | Entered a sewer
  1931 | Sewer    | Reached XP level 5. HP: 36/47 MP: 4/4
  2790 | D:4      | Reached skill level 5 in Fighting
  2790 | D:4      | Reached skill level 5 in Armour
  2790 | D:4      | Reached skill level 5 in Shields
  3013 | D:4      | Noticed an orc warrior
  3040 | D:4      | Killed an orc warrior
  3041 | D:4      | Reached XP level 6. HP: 20/56 MP: 5/5
  3044 | D:4      | Killed from afar by an orc priest

Illustrated notes

Levels and vault maps discovered:
D:1:      psy_arrival_conway, layout_basic
D:2:      layout_basic
D:3:      layout_loops_ring, old_standard_altar, gup_sewer_entry_bowl,
          st_stairs_5
D:4:      layout_basic, serial_shops, kennysheep_mini

Skill      XL: |  1  2  3  4  5 |
---------------+----------------+-----
Shields        | 4 5 |  5.3
Armour         | 4 5 |  5.3
Fighting       | 4 5 |  5.3
Axes           | 3 4 |  4.4

Action                   |  1- 3 |  4- 6 || total
-------------------------+-------+-------++-------
Melee: War axe           |    93 |   140 ||   233
       Headbutt          |    10 |    18 ||    28
  Use: Scroll            |     3 |       ||     3
       Potion            |       |     6 ||     6
Armor: Scale mail        |    39 |    80 ||   119
Dodge: Dodged            |    29 |    57 ||    86
Block: Kite shield       |    54 |   100 ||   154

Table legend: (Time is in decaauts)
 A = Elapsed time spent in this place.
 B = Non-inter-level travel time spent in this place.
 C = Inter-level travel time spent in this place.
 D = Time resting spent in this place.
 E = Time spent auto-exploring this place.
 F = Levels seen in this place.
 G = Mean time per level.
                   A        B        C        D        E       F      G
               +--------+--------+--------+--------+--------+-----+--------+
         Total |   3316 |   3208 |    108 |      0 |   2370 |   5 |  663.2 |
       Dungeon |   2304 |   2196 |    108 |      0 |   1703 |   4 |  576.0 |
         Sewer |   1012 |   1012 |      0 |      0 |    666 |   1 | 1012.0 |
               +--------+--------+--------+--------+--------+-----+--------+

Top non-repeatable levels by time:
   Sewer: 1012 daAuts
     D:3: 803 daAuts
     D:2: 690 daAuts
     D:1: 499 daAuts
     D:4: 311 daAuts
